Map: Jagannatha LE

Players

DPGDark (Dark) - Winner!

  • Race: Zerg Zerg
  • League: Master

DPGZest (Zest)

  • Race: Protoss Protoss

Event: ASUS ROG Fall 2021

VOD

Have the link to the VOD?

Description

Time

  • Played on: Sept. 19, 2021, 7:45 a.m.
  • Length: 41:33

All games in this series

Show
View Real Time Build Order
Export as new Build Order

DPGDark Zerg - Winner!

Build Orders: Hatch First 

Get SALT Encoding   

  12  0:00  Drone  
  13  0:12  Overlord  
  13  0:17  Drone  
  14  0:30  Drone x2  
  16  0:36  Drone  
  17  0:48  Drone  
  18  0:56  Hatchery  
  17  1:01  Drone  
  17  1:03  Extractor  
  17  1:15  Spawning Pool  
  17  1:16  Drone  
  17  1:19  Drone  
  18  1:28  Drone  
  19  1:41  Drone  
  20  1:49  Hatchery  
  20  1:53  Drone  
  20  2:01  Drone  
  20  2:08  Queen  
  21  2:13  Metabolic Boost  
  23  2:18  Drone  
  23  2:21  Drone  
  25  2:26  Overlord  
  25  2:29  Drone  
  26  2:32  Drone  
  27  2:37  Drone  
  28  2:44  Queen  
  28  2:46  Drone  
  28  2:51  Queen  
  33  2:54  Drone  
  34  2:59  Overlord  
  34  3:00  Drone  
  34  3:02  Drone  
  34  3:04  Drone  
  37  3:07  Drone  
  37  3:12  Queen  
  40  3:16  Drone  
  40  3:18  Drone  
  40  3:19  Zergling x2  
  43  3:23  Zergling x2  
  43  3:26  Drone x2  
  46  3:33  Overlord  
  46  3:34  Drone  
  46  3:36  Overlord  
  47  3:51  Spore Crawler, Queen  
  47  3:53  Drone x2  
  47  3:55  Spore Crawler  
  49  3:56  Drone x2, Overlord  
  49  3:57  Drone x3  
  49  3:59  Drone x2  
  56  4:03  Drone x2  
  56  4:09  Overlord  
  58  4:12  Overlord  
  58  4:16  Zergling x4  
  60  4:21  Drone  
  59  4:24  Drone x2  
  59  4:25  Drone x2  
  59  4:27  Lair  
  59  4:30  Drone x5  
  68  4:32  Drone x2  
  68  4:34  Drone  
  68  4:36  Extractor  
  70  4:42  Drone x2  
  70  4:43  Evolution Chamber  
  70  4:44  Roach Warren  
  70  4:45  Drone  
  71  4:50  Overlord, Extractor x2  
  71  4:52  Drone  
  70  4:56  Drone  
  70  4:58  Drone x2  
  70  4:59  Drone  
  73  5:01  Drone  
  73  5:02  Queen  
  73  5:04  Queen  
  78  5:08  Drone  
  78  5:11  Drone x3, Zerg Missile Weapons Level 1  
  78  5:13  Drone x3  
  85  5:14  Extractor x2  
  85  5:15  Overlord  
  85  5:20  Overlord  
  83  5:22  Zergling x2  
  83  5:24  Roach x2  
  83  5:27  Roach  
  90  5:34  Drone x2  
  90  5:35  Drone, Glial Reconstitution, Infestation Pit  
  92  5:39  Roach x2  
  95  5:44  Roach x2, Spine Crawler  
  98  5:51  Evolution Chamber  
  98  5:52  Roach x3  
  98  5:55  Roach  
  98  5:56  Roach  
  105  6:00  Roach  
  104  6:06  Roach  
  104  6:07  Drone x2  
  104  6:08  Drone x3  
  103  6:14  Evolution Chamber, Roach x2  
  103  6:16  Drone x2  
  103  6:18  Overlord  
  105  6:20  Overlord  
  106  6:26  Evolution Chamber  
  106  6:31  Pathogen Glands, Overlord  
  106  6:33  Overlord  
  106  6:36  Overlord, Queen  
  108  6:40  Drone x4  
  112  6:48  Roach x2  
  112  6:49  Roach  
  118  7:00  Drone x4  
  118  7:01  Hatchery  
  121  7:05  Zerg Missile Weapons Level 2, Infestor x2  
  125  7:08  Queen  
  125  7:12  Queen  
  129  7:23  Drone  
  129  7:25  Infestor x2  
  129  7:26  Queen  
  136  7:35  Drone x5, Extractor x2  
  139  7:40  Roach x3  
  139  7:43  Overlord x2  
  145  7:47  Overlord  
  145  7:49  Hive  
  145  7:53  Overlord  
  145  7:56  Overlord  
  145  7:58  Overlord  
  145  8:00  Overlord  
  145  8:01  Spore Crawler, Queen  
  145  8:02  Drone  
  145  8:03  Drone x4  
  151  8:10  Overseer  
  151  8:11  Drone x2  
  151  8:12  Drone, Evolution Chamber  
  153  8:13  Evolution Chamber  
  153  8:15  Drone x2  
  154  8:23  Infestor x4  
  160  8:30  Burrow  
  160  8:32  Neural Parasite  
  160  8:35  Queen  
  160  8:36  Queen  
  160  8:41  Zerg Ground Armor Level 1  
  163  8:45  Drone x2  
  165  8:49  Baneling Nest, Zerg Melee Weapons Level 1  
  165  8:50  Drone  
  165  8:57  Hatchery  
  164  9:04  Infestor  
  164  9:05  Queen  
  168  9:11  Drone, Queen  
  168  9:12  Ultralisk Cavern, Queen  
  168  9:16  Adrenal Glands  
  172  9:17  Drone  
  172  9:18  Drone x3  
  172  9:19  Drone  
  172  9:20  Drone x2  
  179  9:25  Spine Crawler  
  179  9:28  Drone x2  
  179  9:29  Drone x2  
  179  9:30  Drone x3  
  185  9:35  Centrifical Hooks  
  185  9:36  Viper, Spore Crawler  
  185  9:37  Spore Crawler x3  
  184  9:42  Viper  
  185  9:50  Pneumatized Carapace  
  185  9:52  Drone x4  
  189  10:01  Spire  
  189  10:05  Chitinous Plating  
  189  10:06  Zergling x28  
  200  10:14  Spore Crawler x2, Extractor  
  200  10:15  Extractor  
  200  10:21  Zergling x8  
  200  10:23  Zerg Missile Weapons Level 3, Hatchery  
  189  10:48  Zergling x4  
  189  10:49  Zergling x6  
  186  10:50  Zergling x2  
  186  10:51  Zergling x10  
  186  10:54  Zergling x16  
  198  10:58  Zergling x2  
  198  10:59  Zergling x6  
  173  11:13  Greater Spire  
  173  11:14  Corruptor x10, Infestor x7  
  173  11:17  Infestor x7  
  190  11:24  Spine Crawler x4  
  186  11:26  Zergling x28  
  186  11:28  Overseer x2  
  200  11:34  Spore Crawler  
  200  11:37  Spore Crawler  
  197  11:43  Zerg Ground Armor Level 2, Zerg Melee Weapons Level 2  
  158  12:04  Ultralisk  
  158  12:05  Zergling x24, Ultralisk x2  
  178  12:11  Zergling x2  
  178  12:12  Zergling x14  
  174  12:18  Ultralisk  
  174  12:20  Zergling x8  
  167  12:25  Zergling x6  
  136  12:31  Queen x2  
  136  12:36  Zergling x2  
  136  12:37  Zergling x6  
  120  12:42  Drone  
  107  12:45  Drone  
  107  12:47  Drone x4  
  104  12:51  Drone  
  104  12:54  Drone  
  99  13:00  Drone  
  99  13:02  Drone  
  99  13:05  Drone  
  102  13:11  Infestor  
  104  13:16  Drone  
  104  13:17  Drone  
  104  13:18  Drone  
  107  13:23  Infestor  
  109  13:30  Infestor x2  
  111  13:37  Queen  
  109  13:45  Drone x3  
  112  13:48  Infestor  
  113  13:56  Drone x3  
  116  14:03  Ultralisk  
  116  14:06  Drone x3  
  125  14:11  Queen  
  125  14:13  Drone  
  128  14:17  Overseer  
  128  14:21  Drone x4  
  128  14:23  Drone  
  133  14:26  Drone x2  
  135  14:32  Queen  
  135  14:33  Drone x2  
  135  14:34  Drone  
  137  14:43  Drone x4  
  137  14:44  Drone  
  142  14:50  Drone  
  142  14:51  Ultralisk  
  142  14:52  Zergling x2  
  150  15:07  Zergling x6  
  150  15:10  Queen  
  155  15:17  Zergling x2, Ultralisk  
  155  15:18  Zergling x16  
  162  15:46  Ultralisk x2  
  162  15:47  Zergling x12  
  162  15:48  Zergling x12  
  175  15:54  Drone  
  169  15:58  Ultralisk  
  169  16:01  Zergling x8  
  179  16:09  Anabolic Synthesis  
  179  16:10  Zergling x6  
  179  16:11  Zergling x2  
  177  16:13  Drone  
  176  16:21  Drone x3  
  176  16:23  Zergling x4  
  181  16:27  Zerg Melee Weapons Level 3  
  181  16:29  Zergling x4  
  183  16:33  Overseer  
  183  16:35  Zergling x6  
  183  16:38  Queen x2  
  190  16:46  Zergling x10  
  189  16:54  Overlord  
  189  16:55  Queen x2  
  189  16:58  Drone  
  189  16:59  Drone x3  
  195  17:10  Drone x2  
  195  17:11  Overlord  
  195  17:12  Overlord x2  
  197  17:22  Zerg Ground Armor Level 3  
  197  17:29  Hatchery  
  193  17:36  Viper x2  
  194  18:11  Drone x2  
  194  18:12  Drone x3  
  198  18:15  Zerg Flyer Weapons Level 1  
  198  18:23  Baneling x3, Zergling x4  
  198  18:24  Baneling x5  
  199  18:42  Hatchery  
  198  18:49  Spore Crawler  
  198  18:50  Spore Crawler x2  
  198  18:51  Spore Crawler  
  198  18:52  Spore Crawler  
  198  18:55  Spore Crawler  
  177  19:30  Corruptor x6  
  185  19:33  Spore Crawler, Brood Lord x3  
  185  19:37  Spore Crawler  
  189  19:44  Spire  
  188  20:15  Brood Lord x6  
  198  20:24  Overseer x3  
  198  20:25  Hatchery  
  198  20:26  Drone x2  
  199  20:35  Zerg Flyer Weapons Level 2  
  199  20:48  Hatchery  
  198  21:04  Zerg Flyer Armor Level 1  
  198  21:06  Baneling x3  
  198  21:24  Overlord x2  
  192  21:26  Zergling x2  
  192  21:27  Zergling x14  
  192  21:32  Corruptor x2  
  197  21:54  Spore Crawler  
  197  22:00  Drone x3  
  197  22:01  Drone x2  
  199  22:11  Zergling x2  
  196  22:15  Hatchery  
  195  22:30  Zergling x10  
  195  22:33  Baneling x2  
  195  22:55  Drone x16  
  195  23:08  Corruptor x2  
  195  23:11  Hatchery  
  186  23:29  Corruptor x5  
  195  23:51  Drone x3  
  195  23:52  Drone  
  195  23:53  Drone x3  
  195  23:55  Drone x2  
  195  24:00  Overseer  
  194  24:07  Corruptor x3  
  200  24:12  Spore Crawler  
  200  24:13  Spore Crawler  
  198  24:17  Zerg Flyer Armor Level 2, Zerg Flyer Weapons Level 3  
  198  24:38  Spore Crawler, Extractor  
  197  24:39  Spore Crawler, Extractor, Zergling x2  
  197  24:41  Spore Crawler  
  197  24:42  Drone x6  
  197  24:43  Spore Crawler  
  199  25:10  Spore Crawler  
  199  25:11  Spine Crawler  
  199  25:12  Spine Crawler  
  195  25:30  Zergling x10  
  200  25:58  Baneling  
  200  25:59  Baneling x3  
  200  26:00  Baneling  
  200  26:01  Baneling  
  200  26:06  Infestor x7  
  200  26:07  Baneling x2, Infestor x2  
  200  26:18  Overseer  
  200  26:30  Overlord  
  200  26:37  Zerg Flyer Armor Level 3  
  200  26:46  Hatchery  
  196  27:08  Corruptor x5  
  194  27:18  Zergling x2  
  194  27:19  Zergling x10  
  198  27:46  Corruptor x2  
  199  28:11  Extractor, Spine Crawler  
  199  28:12  Spore Crawler, Extractor, Spine Crawler  
  194  28:14  Corruptor x3  
  200  28:54  Zergling x6  
  200  28:58  Overseer  
  200  28:59  Overseer x4  
  200  29:02  Spore Crawler, Spine Crawler  
  198  29:03  Corruptor  
  197  29:17  Zergling x8  
  200  29:25  Spire  
  200  29:28  Lair, Ultralisk Cavern, Infestation Pit  
  197  29:50  Corruptor  
  195  30:29  Hive  
  195  30:35  Spawning Pool  
  194  30:44  Infestor x4  
  194  30:45  Infestor x4  
  194  30:55  Corruptor x2  
  197  31:08  Overlord  
  197  31:09  Overlord x5  
  187  31:13  Overlord x3  
  180  31:44  Overlord x3  
  180  32:05  Hatchery, Overseer  
  180  32:07  Hatchery, Greater Spire  
  178  32:09  Overlord x3  
  178  32:21  Hatchery  
  177  32:25  Overlord  
  177  32:43  Spore Crawler  
  140  33:00  Corruptor x4  
  140  33:01  Queen  
  128  33:08  Corruptor x2  
  128  33:09  Corruptor x2  
  120  33:17  Queen  
  120  33:19  Corruptor  
  118  33:25  Corruptor  
  114  33:33  Corruptor x3  
  120  33:34  Corruptor x2  
  120  33:37  Queen, Infestor x3  
  132  33:45  Viper x2  
  132  33:46  Viper x2  
  144  33:52  Drone  
  144  33:53  Drone  
  144  34:05  Infestor x4  
  144  34:06  Infestor x3  
  152  34:12  Infestor  
  154  34:24  Infestor  
  154  34:25  Infestor  
  158  34:35  Infestor  
  156  34:50  Infestor x2  
  152  34:58  Corruptor  
  154  35:07  Infestor  
  156  35:15  Drone x2  
  156  35:19  Drone  
  159  35:26  Infestor  
  161  35:30  Viper  
  161  35:34  Drone  
  165  35:47  Corruptor  
  167  36:02  Corruptor x2  
  171  36:10  Corruptor  
  173  36:17  Corruptor  
  175  36:26  Corruptor  
  177  36:33  Corruptor  
  179  36:40  Infestor x17  
  179  36:45  Drone x4  
  183  36:49  Drone  
  184  36:59  Zergling x6  
  184  37:00  Zergling x2  
  184  37:01  Zergling x2  
  189  37:06  Zergling x4  
  191  37:22  Zergling x10  
  196  37:23  Zergling x4  
  196  37:26  Overseer  
  198  37:47  Zergling x4  
  199  38:07  Corruptor  
  195  38:33  Infestor x7  
  198  39:42  Ultralisk  
  198  40:10  Zergling x2  
  198  40:11  Zergling x2  
Show
View Real Time Build Order
Export as new Build Order

DPGZest Protoss 

Build Orders: 1 Gate Expand, Oracle Opening, Carriers 

Get SALT Encoding   

  12  0:00  Probe  
  13  0:12  Probe  
  14  0:20  Pylon  
  14  0:24  Probe  
  15  0:38  Probe (Chrono Boost)  
  15  0:39  Gateway  
  16  0:47  Probe (Chrono Boost)  
  17  0:50  Assimilator  
  17  0:52  Probe (Chrono Boost)  
  18  1:04  Probe  
  19  1:16  Probe  
  20  1:26  Nexus  
  20  1:37  Cybernetics Core  
  20  1:39  Probe  
  21  1:46  Assimilator  
  21  1:51  Probe  
  22  1:55  Pylon  
  22  2:04  Probe (Chrono Boost)  
  23  2:13  Adept  
  26  2:15  Probe (Chrono Boost)  
  26  2:19  Stargate  
  26  2:20  Probe (Chrono Boost)  
  27  2:26  Warp Gate  
  27  2:32  Probe (Chrono Boost)  
  28  2:38  Probe (Chrono Boost)  
  28  2:43  Adept  
  32  2:47  Probe (Chrono Boost)  
  32  2:48  Probe (Chrono Boost)  
  33  2:53  Probe (Chrono Boost), Void Ray (Chrono Boost)  
  33  2:54  Probe  
  35  3:05  Probe  
  40  3:06  Probe  
  40  3:10  Pylon  
  41  3:16  Gateway  
  41  3:18  Probe  
  43  3:20  Probe  
  43  3:26  Oracle (Chrono Boost)  
  43  3:30  Probe  
  43  3:32  Probe  
  48  3:42  Probe  
  48  3:44  Probe  
  50  3:49  Twilight Council  
  50  3:54  Nexus  
  50  4:00  Pylon  
  50  4:06  Gateway  
  50  4:08  Gateway  
  50  4:10  Probe  
  50  4:12  Probe  
  50  4:16  Pylon  
  52  4:19  Resonating Glaives (Chrono Boost)  
  52  4:25  Probe  
  52  4:27  Adept x2  
  52  4:28  Probe  
  58  4:31  Pylon  
  58  4:33  Assimilator  
  58  4:38  Assimilator  
  58  4:41  Probe  
  58  4:42  Probe  
  60  4:48  Adept  
  60  4:49  Adept  
  60  4:50  Protoss Air Weapons Level 1  
  64  4:57  Probe x2  
  66  5:07  Adept x2  
  66  5:09  Adept x2  
  66  5:13  Probe x2  
  66  5:14  Probe  
  77  5:21  Shield Battery  
  77  5:27  Probe x3  
  80  5:30  Adept x3  
  80  5:31  Adept  
  88  5:39  Probe x2  
  90  5:50  Adept  
  90  5:52  Probe  
  90  5:56  Probe  
  92  5:57  Probe  
  91  6:04  Probe  
  91  6:08  Probe  
  93  6:16  Probe x2, Stargate  
  93  6:17  Stargate  
  93  6:19  Pylon  
  93  6:20  Pylon  
  93  6:22  Assimilator  
  93  6:23  Assimilator  
  93  6:29  Fleet Beacon  
  93  6:33  Pylon  
  93  6:36  Pylon  
  93  6:37  Probe x3  
  96  6:49  Probe x3  
  96  6:53  Gateway  
  99  6:54  Gateway  
  101  7:01  Probe x3  
  102  7:10  Pylon  
  102  7:11  Pylon, Carrier x3 (Chrono Boost)  
  102  7:13  Probe x3  
  102  7:15  Flux Vanes  
  123  7:19  Forge  
  123  7:23  Pylon  
  123  7:25  Probe x2, Shield Battery  
  123  7:28  Probe  
  126  7:32  Nexus  
  126  7:34  Pylon  
  126  7:39  Pylon  
  126  7:42  Probe x3, Pylon  
  129  7:48  Protoss Ground Weapons Level 1 (Chrono Boost)  
  129  7:52  Charge  
  129  7:58  Photon Cannon  
  129  7:59  Shield Battery  
  129  8:06  Assimilator  
  129  8:08  Gateway  
  129  8:10  Robotics Facility, Gateway, Assimilator  
  129  8:16  Carrier (Chrono Boost)  
  129  8:17  Carrier (Chrono Boost)  
  141  8:27  Carrier (Chrono Boost)  
  147  8:44  Protoss Air Weapons Level 2 (Chrono Boost)  
  147  8:51  Robotics Facility  
  147  8:52  Robotics Facility  
  147  8:53  Photon Cannon  
  147  9:00  Immortal (Chrono Boost)  
  147  9:06  Gateway  
  147  9:07  Gateway, Pylon  
  147  9:09  Templar Archives  
  151  9:31  Nexus  
  151  9:33  Pylon, Observer (Chrono Boost)  
  152  9:42  Pylon  
  156  9:52  Immortal (Chrono Boost)  
  156  9:53  Psionic Storm  
  164  10:00  Immortal x2 (Chrono Boost)  
  164  10:01  Pylon, Protoss Ground Weapons Level 2 (Chrono Boost)  
  164  10:02  Pylon  
  164  10:05  High Templar x4  
  172  10:17  Photon Cannon  
  172  10:19  Photon Cannon  
  172  10:24  Gateway  
  172  10:26  Gateway, Photon Cannon  
  172  10:27  Photon Cannon  
  172  10:28  Gateway  
  172  10:29  Shield Battery  
  172  10:32  Shield Battery  
  172  10:33  Immortal  
  172  10:34  Pylon, Zealot x3  
  172  10:35  Immortal  
  182  10:37  Zealot  
  182  10:38  Zealot x3  
  173  10:54  Zealot  
  173  10:55  Zealot x2  
  174  10:59  High Templar x3  
  174  11:00  Warp Prism  
  180  11:07  High Templar  
  180  11:08  Archon  
  180  11:11  Protoss Air Weapons Level 3 (Chrono Boost)  
  175  11:17  High Templar x3  
  181  11:21  Archon  
  181  11:22  Archon  
  181  11:24  Sentry x2, Zealot  
  187  11:31  Warp Prism  
  187  11:32  Observer  
  190  11:37  Zealot x3  
  174  11:58  Archon  
  174  12:00  Archon  
  165  12:03  Zealot x2  
  165  12:04  Zealot x8  
  136  12:30  High Templar x6  
  136  12:31  Zealot  
  136  12:35  Archon x2  
  136  12:36  Archon  
  107  12:48  Probe x3  
  107  12:50  Void Ray x3 (Chrono Boost)  
  107  12:51  Probe  
  91  13:00  Probe x3  
  91  13:03  Probe, Zealot  
  107  13:12  Probe x3  
  110  13:14  Assimilator  
  110  13:16  Probe  
  110  13:18  Robotics Facility x2, Assimilator  
  111  13:21  Void Ray x2  
  111  13:24  Probe  
  111  13:25  Probe x2  
  118  13:28  Probe  
  118  13:30  Zealot x5  
  132  13:36  Probe  
  133  13:44  Pylon  
  133  13:46  Cybernetics Core  
  133  13:50  High Templar x3  
  139  13:56  Probe x2  
  139  13:57  Probe  
  142  14:04  Immortal x2 (Chrono Boost)  
  150  14:10  High Templar  
  150  14:12  High Templar  
  150  14:14  Zealot  
  150  14:16  Photon Cannon x2  
  156  14:19  Photon Cannon  
  156  14:20  Pylon  
  156  14:21  Pylon  
  156  14:25  Pylon  
  156  14:27  Zealot x2, High Templar x2  
  156  14:28  Zealot x2  
  168  14:32  Shield Battery  
  168  14:41  High Templar  
  168  14:42  High Templar  
  172  14:46  Archon  
  172  14:55  Zealot x5  
  182  15:02  High Templar x2  
  182  15:05  Observer x2 (Chrono Boost)  
  182  15:06  Archon x2  
  188  15:17  Zealot x4  
  188  15:18  Protoss Ground Weapons Level 3 (Chrono Boost), Zealot x2  
  200  15:42  Zealot x2  
  188  15:50  Zealot x4  
  188  15:51  Zealot  
  190  16:04  Zealot x4  
  192  16:11  Dark Shrine  
  188  16:15  Immortal x2 (Chrono Boost)  
  188  16:46  Immortal (Chrono Boost)  
  188  16:47  Immortal (Chrono Boost)  
  188  16:49  Pylon  
  196  16:56  Pylon, Protoss Air Armor Level 1  
  196  17:08  Photon Cannon  
  196  17:11  Photon Cannon  
  196  17:12  Photon Cannon  
  196  17:16  Photon Cannon  
  196  17:18  Shield Battery, Immortal (Chrono Boost)  
  196  17:20  Shield Battery  
  196  17:22  Shadow Stride (Chrono Boost)  
  192  17:40  Nexus, Immortal (Chrono Boost)  
  192  17:42  Protoss Shields Level 1 (Chrono Boost)  
  194  17:52  Immortal (Chrono Boost)  
  194  17:54  Assimilator  
  194  17:56  Assimilator  
  194  18:00  High Templar x2  
  188  18:27  Carrier (Chrono Boost)  
  198  18:37  Carrier (Chrono Boost)  
  198  18:38  Carrier (Chrono Boost)  
  194  18:47  Dark Templar  
  196  18:49  Dark Templar  
  196  18:51  Blink (Chrono Boost)  
  198  19:09  Pylon  
  198  19:24  Observer  
  196  19:26  Pylon  
  196  19:30  High Templar x2  
  200  19:35  Archon  
  200  19:52  Gateway  
  200  20:04  Immortal (Chrono Boost)  
  196  20:11  Dark Templar x4  
  200  20:21  Observer (Chrono Boost)  
  197  20:24  Archon  
  197  20:25  Archon  
  197  20:34  Observer (Chrono Boost)  
  198  20:39  Gateway x2  
  198  20:44  Gateway  
  198  20:45  Observer  
  198  20:52  Nexus  
  198  20:54  Pylon  
  200  21:03  Dark Templar x2  
  200  21:09  Photon Cannon  
  200  21:10  Photon Cannon  
  198  21:11  Photon Cannon  
  198  21:14  Photon Cannon  
  198  21:16  Photon Cannon  
  197  21:20  Protoss Shields Level 2 (Chrono Boost)  
  197  21:30  Protoss Air Armor Level 2 (Chrono Boost)  
  197  21:39  Observer  
  195  21:48  Gateway  
  195  21:49  Gateway  
  195  21:50  Nexus  
  195  21:55  Pylon  
  195  21:57  Pylon  
  195  22:02  Dark Templar  
  195  22:03  Dark Templar  
  198  22:10  Observer  
  198  22:20  Photon Cannon  
  198  22:22  Photon Cannon  
  197  22:24  Photon Cannon, Archon  
  197  22:25  Photon Cannon  
  197  22:27  Dark Templar  
  197  22:28  Shield Battery  
  197  22:29  Shield Battery  
  199  22:51  Assimilator  
  199  22:55  Observer  
  199  22:56  Assimilator  
  199  23:05  Mothership (Chrono Boost)  
  193  23:55  Robotics Bay  
  189  24:15  Nexus  
  189  24:17  Pylon  
  189  24:19  Pylon  
  189  24:30  Photon Cannon  
  189  24:32  Photon Cannon, Protoss Shields Level 3 (Chrono Boost)  
  189  24:33  Photon Cannon  
  189  24:37  Pylon  
  189  24:45  Photon Cannon  
  189  24:47  Photon Cannon  
  189  24:48  Photon Cannon  
  189  24:50  Photon Cannon  
  189  24:51  Protoss Air Armor Level 3 (Chrono Boost)  
  189  24:52  Photon Cannon  
  189  24:54  Photon Cannon  
  189  24:56  Photon Cannon  
  189  24:58  Photon Cannon  
  189  25:00  Photon Cannon  
  189  25:02  Photon Cannon  
  189  25:03  Photon Cannon  
  189  25:05  Observer  
  189  25:08  Photon Cannon  
  189  25:12  Assimilator  
  189  25:14  Assimilator  
  184  25:32  Observer  
  172  25:43  Carrier x3 (Chrono Boost)  
  175  26:02  Nexus  
  174  26:27  Pylon  
  174  26:29  Assimilator, Gravitic Boosters (Chrono Boost)  
  174  26:30  Void Ray x2 (Chrono Boost)  
  174  26:31  Void Ray (Chrono Boost)  
  174  26:34  Observer x2 (Chrono Boost), Assimilator  
  174  26:37  Dark Templar  
  189  26:50  Photon Cannon, Dark Templar  
  189  26:51  Photon Cannon, Dark Templar x4  
  194  26:58  Archon  
  194  26:59  Archon  
  188  27:01  Void Ray x2 (Chrono Boost)  
  188  27:02  Void Ray (Chrono Boost)  
  196  27:19  Gravitic Drive  
  196  27:27  Observer  
  196  27:36  Observer x2  
  188  28:00  Void Ray x3 (Chrono Boost)  
  183  28:30  Void Ray (Chrono Boost)  
  183  28:36  Void Ray (Chrono Boost)  
  183  28:37  Observer x2 (Chrono Boost), Void Ray (Chrono Boost)  
  189  28:47  Pylon  
  197  28:48  Dark Templar  
  197  29:28  Photon Cannon  
  197  29:30  Photon Cannon  
  197  29:31  Photon Cannon  
  197  29:35  Dark Templar  
  197  29:37  Photon Cannon x2  
  198  29:47  Photon Cannon  
  198  29:49  Pylon  
  198  29:59  Void Ray x3 (Chrono Boost)  
  196  30:02  Observer  
  187  30:24  Observer  
  187  30:32  Observer  
  187  30:34  Void Ray x2  
  187  30:35  Void Ray  
  196  31:11  Void Ray  
  194  31:41  Void Ray (Chrono Boost)  
  197  31:57  Void Ray (Chrono Boost)  
  193  32:05  Void Ray (Chrono Boost)  
  193  32:13  Void Ray (Chrono Boost)  
  193  32:45  Void Ray x2 (Chrono Boost)  
  183  32:52  Void Ray (Chrono Boost)  
  97  33:16  Void Ray (Chrono Boost)  
  97  33:17  Void Ray (Chrono Boost)  
  77  33:21  Void Ray (Chrono Boost)  
  77  33:25  Observer  
  77  33:37  Zealot x4  
  85  33:41  Void Ray x2 (Chrono Boost)  
  85  33:42  Stargate  
  93  33:49  Void Ray (Chrono Boost)  
  91  34:17  Void Ray x3 (Chrono Boost)  
  91  34:26  Void Ray (Chrono Boost)  
  91  34:31  Pylon  
  101  34:54  Void Ray (Chrono Boost)  
  101  34:57  Void Ray (Chrono Boost)  
  101  34:58  Void Ray (Chrono Boost)  
  101  34:59  Void Ray (Chrono Boost)  
  103  35:14  Photon Cannon, Observer  
  103  35:15  Photon Cannon  
  103  35:18  Photon Cannon  
  103  35:34  Observer  
  112  35:48  Nexus  
  112  36:02  High Templar x3  
  109  36:18  Assimilator  
  109  36:19  Assimilator  
  109  36:29  Probe x3  
  109  36:30  Probe x2  
  114  36:44  Zealot  
  114  36:45  Tempest (Chrono Boost)  
  121  37:11  Tempest (Chrono Boost)  
  126  37:31  Probe x2  
  126  37:32  Probe x3  
  126  37:34  Probe  
  130  38:04  Zealot x3  
  116  38:26  High Templar x3  
  122  38:59  High Templar  
  122  39:00  High Templar x2  
  128  39:03  Warp Prism (Chrono Boost)  
  129  39:37  High Templar x2  
  131  39:41  Archon  
  126  40:18  Pylon  
  126  40:19  Pylon  
  126  40:21  Pylon  
  126  40:40  Archon x2  
  126  41:05  Archon  
Tags
 
Add a new tag
Caveats
  • Supply blocks, unpowered buildings, or Contaminate may cause inaccurate times.
  • Supply counts are checked every 10 seconds.